Map: Orbital Shipyard

Players

KoMA

  • Race: Terran Terran
  • League: Grandmaster

CMStormPolt (Polt) - Winner!

  • Race: Terran Terran
  • League: Grandmaster

VOD

Have the link to the VOD?

Description

Time

  • Played on: Feb. 13, 2016, 6:50 p.m.
  • Length: 15:07
Show
View Real Time Build Order
Export as new Build Order

KoMA Terran 

Build Orders: Reaper Expand, Bio Tank 

Get SALT Encoding   

  12  0:00  SCV  
  13  0:13  SCV  
  14  0:17  Supply Depot  
  14  0:25  SCV  
  15  0:39  SCV, Barracks  
  16  0:44  Refinery  
  16  0:51  SCV  
  17  1:03  SCV  
  18  1:15  SCV  
  19  1:27  Orbital Command, Reaper  
  20  1:40  Command Center  
  20  1:50  Supply Depot  
  20  1:53  SCV  
  21  1:59  Marine  
  22  2:05  SCV  
  23  2:09  Factory  
  23  2:17  Marine, SCV  
  23  2:21  Refinery  
  25  2:29  SCV  
  26  2:40  Marine  
  26  2:41  SCV  
  27  2:52  Orbital Command  
  27  2:53  SCV  
  27  2:54  Hellion  
  27  2:58  Marine, Starport  
  31  3:05  SCV  
  29  3:15  Hellion  
  29  3:16  Marine  
  29  3:17  SCV  
  30  3:24  SCV  
  28  3:34  Marine  
  28  3:39  SCV, Factory Tech Lab  
  28  3:41  SCV  
  27  3:51  SCV  
  27  3:53  SCV  
  29  3:57  Barracks Reactor  
  29  4:02  Factory Tech Lab  
  29  4:03  Banshee, Cloaking Field  
  29  4:04  SCV  
  29  4:05  SCV  
  34  4:10  Barracks  
  34  4:11  Barracks  
  34  4:16  SCV  
  35  4:17  SCV  
  35  4:23  Siege Tank  
  39  4:27  Supply Depot  
  39  4:28  SCV  
  39  4:29  SCV  
  41  4:35  Marine x2  
  43  4:40  SCV  
  43  4:41  SCV  
  45  4:47  Engineering Bay, Refinery  
  45  4:48  Banshee  
  45  4:52  SCV  
  49  4:57  SCV  
  49  4:58  Supply Depot  
  50  5:02  Barracks Tech Lab  
  50  5:04  SCV, Barracks Reactor  
  50  5:06  Marine x2  
  53  5:09  SCV  
  54  5:19  Supply Depot  
  54  5:20  SCV, Siege Tank  
  54  5:21  Stimpack  
  58  5:22  SCV  
  58  5:24  Marine  
  60  5:32  SCV  
  60  5:33  Marine  
  62  5:41  SCV  
  62  5:42  Marine x2  
  65  5:43  Supply Depot  
  65  5:44  SCV  
  65  5:46  Marine x2  
  65  5:47  Starport Reactor  
  68  5:50  Refinery  
  68  5:53  SCV  
  68  5:56  SCV  
  70  6:00  Marine  
  70  6:03  Supply Depot  
  69  6:05  SCV, Siege Tank  
  69  6:11  SCV, Marine  
  75  6:13  Marine, Barracks x2  
  75  6:17  SCV  
  77  6:19  Supply Depot  
  77  6:20  Terran Infantry Weapons Level 1  
  77  6:23  SCV  
  77  6:24  Marine  
  79  6:32  Marine x2, Supply Depot  
  80  6:39  SCV, Siege Tank  
  85  6:40  Marine  
  85  6:41  Medivac x2  
  90  6:49  Marine  
  90  6:51  SCV  
  88  6:57  Supply Depot  
  88  7:00  Marine  
  88  7:01  Marine x2  
  85  7:02  Barracks Reactor x2  
  78  7:08  Marine  
  78  7:09  Marine  
  78  7:11  Siege Tank  
  78  7:14  Barracks Reactor  
  77  7:17  Marine  
  77  7:19  Marine x2  
  69  7:26  Marine x2  
  71  7:32  Refinery  
  71  7:35  Marine  
  72  7:40  Marine  
  72  7:43  Combat Shields  
  74  7:47  Supply Depot  
  74  7:50  Supply Depot  
  75  7:52  Marine  
  75  7:55  Marine, Supply Depot  
  75  8:02  Marine, Barracks  
  75  8:04  Marine x2  
  75  8:05  Siege Tank  
  78  8:11  Marine x2  
  80  8:13  Medivac  
  80  8:19  Marine x2  
  83  8:31  Marine x4  
  83  8:32  Medivac  
  79  8:36  Marine  
  79  8:37  Marine  
  79  8:40  Siege Tank  
  84  8:43  Marine  
  84  8:45  Medivac  
  84  8:47  SCV x2  
  84  8:48  Terran Infantry Armor Level 1, Supply Depot  
  89  8:51  Barracks Reactor  
  89  8:52  Marine  
  89  8:53  Marine x3  
  93  8:59  SCV  
  93  9:00  Marine x2  
  96  9:05  Marine  
  97  9:10  Marine x2  
  97  9:11  Marine, Medivac  
  102  9:18  Marine x2, Siege Tank  
  102  9:21  Marine, Medivac  
  110  9:36  Marine  
  101  9:38  Marine  
  101  9:39  Marine x3  
  101  9:42  Marine, Medivac  
  101  9:43  Marine  
  101  9:44  Marine  
  110  9:52  Missile Turret  
  110  9:53  Medivac  
  110  9:55  Marine  
  110  9:56  Marine x2  
  110  9:57  Siege Tank  
  118  10:05  Supply Depot  
  118  10:06  Marine x5  
  123  10:13  Marine x2  
  125  10:20  Marine  
  126  10:26  Medivac  
  128  10:30  Siege Tank  
  128  10:32  Marine  
  128  10:35  Marine, Supply Depot  
  131  10:48  Marine  
  121  10:52  Marine x2, Medivac  
  121  10:53  Marine x2  
  121  10:54  Marine  
  127  11:03  Siege Tank  
  115  11:05  Marine  
  115  11:09  Marine x3  
  111  11:17  Marine, Command Center  
  110  11:23  Marine  
  107  11:26  Marine x3  
  107  11:27  Medivac  
  112  11:33  Marine x3  
  115  11:57  Marine x4  
  115  11:59  Medivac  
  115  12:01  Marine x2  
  121  12:02  Marine x2  
  121  12:04  Siege Tank  
  121  12:08  Marine  
  129  12:14  Marine  
  107  12:16  Marine x3  
  107  12:18  Medivac  
  107  12:22  Marine x2  
  104  12:23  Marine  
  105  12:39  Marine  
  105  12:43  Siege Tank  
  105  12:44  Marine x3  
  109  12:47  Marine x2  
  114  12:52  Marine  
  114  12:55  Orbital Command  
  114  12:57  Orbital Command  
  115  12:58  Marine  
  115  12:59  Marine x2  
  115  13:02  Marine x2  
  120  13:07  Marine  
  120  13:11  Marine  
  122  13:18  Marine x2  
  122  13:27  Marine x3  
  122  13:31  Marine  
  122  13:41  Siege Tank  
  124  13:45  Marine  
  125  13:53  Marine x2  
  126  14:02  Marine  
  124  14:03  Marine, Medivac  
  124  14:06  Marine  
  114  14:12  Marine x3  
  114  14:13  Siege Tank  
  114  14:15  Factory, Marine  
  95  14:19  Marine x2  
  92  14:27  Marine x3, Medivac  
  91  14:33  Marine  
  91  14:34  Medivac  
  91  14:37  Marine x3  
  95  14:38  Marine  
  95  14:40  Marine  
  95  14:45  Marine  
  98  14:48  Marine  
Show
View Real Time Build Order
Export as new Build Order

CMStormPolt Terran - Winner!

Build Orders: Reaper Expand, Bio Tank 

Get SALT Encoding   

  12  0:00  SCV  
  13  0:12  SCV  
  14  0:17  Supply Depot  
  14  0:24  SCV  
  15  0:39  SCV  
  15  0:40  Barracks  
  16  0:43  Refinery  
  16  0:51  SCV  
  17  0:58  Barracks  
  17  1:03  SCV  
  18  1:15  SCV  
  19  1:27  Orbital Command  
  19  1:28  Reaper  
  20  1:33  Supply Depot  
  20  1:47  Reaper  
  20  1:52  SCV  
  22  1:55  Refinery  
  22  2:04  SCV, Reaper  
  23  2:17  SCV  
  23  2:21  Reaper  
  25  2:24  Command Center  
  26  2:30  SCV  
  26  2:43  SCV  
  27  2:46  Factory  
  27  2:47  Supply Depot  
  27  2:50  Barracks Reactor  
  27  2:55  SCV  
  27  2:56  Barracks Tech Lab  
  28  3:07  SCV  
  29  3:19  SCV  
  28  3:27  Marine x2  
  28  3:28  Marine  
  28  3:30  Stimpack  
  28  3:31  SCV  
  32  3:38  Orbital Command  
  31  3:43  SCV  
  31  3:45  Marine x2  
  31  3:46  Marine  
  34  3:49  Starport  
  34  3:55  SCV  
  35  3:56  Factory Tech Lab  
  35  4:02  Refinery  
  35  4:03  SCV  
  35  4:07  SCV  
  35  4:08  Marine x2  
  35  4:09  Marine  
  40  4:16  SCV, Siege Tank  
  44  4:19  SCV  
  44  4:24  Supply Depot  
  45  4:25  Viking  
  45  4:28  SCV  
  45  4:30  Marine x2  
  50  4:31  SCV  
  50  4:33  Marine  
  50  4:37  Supply Depot  
  52  4:40  Engineering Bay  
  52  4:44  SCV x2  
  54  4:50  Siege Tank  
  57  4:56  SCV x2  
  57  4:57  Medivac  
  61  5:03  Marine x2  
  61  5:05  Marine  
  64  5:07  Supply Depot  
  64  5:08  SCV x2  
  66  5:14  Missile Turret  
  66  5:15  Missile Turret  
  66  5:20  SCV x2  
  68  5:26  Medivac  
  70  5:29  Siege Tank  
  70  5:34  Marine x2  
  70  5:35  Marine, Combat Shields  
  72  5:40  SCV x2  
  74  5:47  Terran Infantry Weapons Level 1  
  74  5:50  Supply Depot  
  74  5:52  Refinery  
  74  6:00  SCV x2  
  74  6:02  Supply Depot  
  76  6:05  Marine x2  
  78  6:11  Marine, Siege Tank, Viking  
  78  6:15  SCV x2  
  86  6:30  Command Center  
  85  6:38  SCV x2  
  82  6:40  Marine x3  
  83  6:50  SCV x2  
  81  7:02  SCV  
  81  7:03  SCV  
  81  7:04  Marine x2  
  81  7:05  Marine  
  81  7:06  Siege Tank  
  81  7:07  Starport Reactor  
  89  7:14  Barracks, SCV  
  89  7:15  SCV, Barracks x2  
  83  7:36  Marine x3  
  86  7:38  SCV x2  
  86  7:43  Supply Depot, Orbital Command  
  88  7:45  Supply Depot  
  88  7:47  Siege Tank  
  91  7:51  SCV x2  
  91  7:53  Missile Turret  
  91  7:54  Marine x3, Terran Infantry Armor Level 1  
  91  7:57  Missile Turret  
  94  8:13  Marine x2  
  94  8:14  Marine, Barracks Reactor x3  
  97  8:24  SCV  
  97  8:25  SCV  
  93  8:33  SCV  
  91  8:35  Marine x3, Medivac  
  91  8:36  Medivac  
  91  8:37  SCV x2  
  100  8:41  Siege Tank  
  100  8:47  Engineering Bay, Orbital Command, Armory  
  103  8:51  SCV x2  
  105  9:00  Marine x9  
  114  9:05  SCV x2  
  114  9:09  Medivac, Refinery  
  118  9:10  Supply Depot x2, Medivac  
  118  9:11  Supply Depot  
  118  9:12  Supply Depot, Refinery  
  118  9:16  Sensor Tower  
  120  9:23  SCV x3  
  123  9:24  Marine x2  
  123  9:29  Factory  
  125  9:31  Marine x7  
  124  9:39  Medivac  
  124  9:40  Medivac, Terran Infantry Weapons Level 2  
  124  9:42  SCV x2  
  124  9:44  SCV  
  130  9:48  Terran Vehicle Weapons Level 1  
  129  9:56  Marine x2  
  129  9:57  Marine x7  
  138  10:04  Terran Infantry Armor Level 2  
  138  10:11  Viking x2  
  138  10:14  Factory  
  142  10:16  Factory Tech Lab  
  141  10:34  Marine x8  
  141  10:35  Marine  
  137  10:50  Siege Tank  
  136  11:01  Marine x9  
  125  11:15  Medivac x2  
  122  11:22  Siege Tank  
  122  11:23  Orbital Command  
  125  11:30  Marine x6  
  125  11:31  Marine x3  
  133  11:54  Siege Tank, Terran Vehicle Weapons Level 2  
  136  12:00  Marine x4  
  136  12:01  Marine x4  
  144  12:03  Marine  
  145  12:15  Terran Infantry Weapons Level 3  
  117  12:22  Terran Infantry Armor Level 3  
  107  12:29  Marine x2  
  107  12:30  Marine x7  
  116  12:39  SCV  
  116  12:43  Siege Tank  
  119  12:46  Factory, Viking  
  119  12:50  Viking  
  123  13:03  Marine x9  
  132  13:15  Siege Tank  
  132  13:18  Viking  
  136  13:20  Viking  
  138  13:33  Marine x9  
  145  13:37  Factory Tech Lab  
  144  13:47  Siege Tank  
  122  14:10  Marine x4  
  122  14:11  Marine x5  
  119  14:23  Siege Tank  
  119  14:24  Siege Tank  
  124  14:40  Command Center  
Tags
 
Add a new tag
Caveats
  • Supply blocks, unpowered buildings, or Contaminate may cause inaccurate times.
  • Supply counts are checked every 10 seconds.